 Dungeon Crawl Stone Soup version 0.29-a0-22-gbf593b16ee (webtiles) character file.

Game seed: 13760045758369772795

288 Sweetruy1997 the Chucker (level 6, -39/62 HPs)
             Began as an Ogre Hunter on Jan 29, 2022.
             Engulfed by a cloud of flame (63 damage)
             ... on level 4 of the Dungeon.
             The game lasted 00:08:02 (3294 turns).

Sweetruy1997 the Chucker (Ogre Hunter)              Turns: 3294, Time: 00:08:02

Health: -39/62     AC:  3    Str: 17    XL:     6   Next: 31%
Magic:  6/6        EV: 11    Int: 12    God:
Gold:   155        SH:  0    Dex: 17    Spells: 5/5 levels left

rFire   x . .      SeeInvis .   n - +4 club (spect)
rCold   + . .      Faith    .   (no shield)
rNeg    . . .      Spirit   .   b - +0 robe
rPois   .          Reflect  .   (helmet restricted)
rElec   .          Harm     .   (no cloak)
rCorr   .          Rampage  .   (gloves unavailable)
Will    .....                   (boots unavailable)
Stlth   ++........              (no amulet)
HPRegen 0.20/turn               g - ring of ice
MPRegen 0.10/turn               o - +6 ring of dexterity

@: no status effects
A: large, unfitting armour, tough skin 1
a: no special abilities


You were on level 4 of the Dungeon.
You visited 1 branch of the dungeon, and saw 4 of its levels.

You collected 181 gold pieces.
You spent 26 gold pieces at shops.

Inventory:

Hand Weapons
 n - a +4 spectral club (weapon)
Missiles
 d - 4 boomerangs
 e - a large rock (quivered)
 f - a throwing net
Armour
 b - a +0 robe (worn)
Jewellery
 g - a ring of ice (left hand)
 o - a +6 ring of dexterity (right hand)
Scrolls
 k - 4 scrolls of teleportation
 l - a scroll of magic mapping {unknown}
 q - a scroll of silence {unknown}
Potions
 a - 2 potions of resistance
 c - 2 potions of curing
 h - a potion of haste {unknown}
 j - 2 potions of flight
 m - a potion of attraction {unknown}


   Skills:
 + Level 4.2 Fighting
 - Level 1.0 Short Blades
 + Level 0.2 Maces & Flails
 - Level 6.0 Throwing
 - Level 3.0 Dodging
 - Level 1.0 Stealth


You had 5 spell levels left.
You didn't know any spells.
Your spell library was empty.

Dungeon Overview and Level Annotations

Branches:
Dungeon (4/15)
 Temple: D:4-7

Altars:

Shops:
D:1 *


Innate Abilities, Weirdness & Mutations

You are too large for most types of armour.
You have tough skin. (AC +1)


Message History

You see here a hobgoblin corpse.
e - 2 large rocks (gained 1)
e - 3 large rocks (gained 1)
Things that are here:
a +0 short sword; a kobold corpse You now have 155 gold pieces (gained 16).
There is an open door here.
You see here a hobgoblin corpse.
You open the door.
An ogre, a hound, a giant cockroach, an endoplasm, a ball python, 2 iguanas, a gnoll, a hound skeleton, a goblin, a necrophage and an orc come into view.
The ogre shouts!
The hound barks!
The endoplasm quivers.
The iguana hisses angrily.
The gnoll shouts!
The goblin shouts!
The orc shouts!
Found six items.
You throw a large rock. The large rock hits the orc!!
You kill the orc!
The gnoll hits you from afar with a +0 spear.
The ball python barely misses you. The gnoll misses you.
You aren't carrying any items that you can evoke.
As you read the scroll labelled UCIETE XAETH, it crumbles to dust.
The creatures around you are filled with an inner flame!
It was a scroll of immolation.
The ball python bites you.
The gnoll hits you from afar with a +0 spear.
There is an open door here.
You throw a large rock. The large rock hits the ball python.
The ball python explodes!
You feel a bit more experienced. The fiery explosion engulfs you!!
The fire burns you terribly!
You hear an explosion!
You feel a bit more experienced. x2
You hear an explosion!
You feel a bit more experienced. x3
You hear an explosion! x2
You feel a bit more experienced. x3
You hear an explosion!
You feel a bit more experienced.
You hear an explosion! x5
You are engulfed in blazing flames.
Ouch! That really hurt!
You die...

.....#.#.##......... .....##.#
.....#.#.##.#####..####.####.#
<........#.##$.$##...........#
.....#...#.#..([!#......######
...........#..OZl#.........#
..>..#.....#!hBJl#.#+#..##.#
.....#...#.##gng(###.##.##.#
.... #...##.#####§§.))#.##.# ...
#...##...##@###.##.##.#
#....#...##..##..#####..##.#
............#..[.#.....##.#####
....#.......#[..†'............#
#....#..###..##..##..##.##.#.###
..............####.............#
#..................#.#####.#.###
.!.................#.## #.#.#
..........)..........####.#.#


There were no monsters in sight!

Vanquished Creatures
  A necrophage (D:4)
  2 ogres (D:4)
  A hound (D:4)
  Jessica (D:2)
  2 iguanas (D:4)
  A hound skeleton (D:4)
  8 gnolls
  4 adders
  An adder skeleton (D:4)
  A worm (D:4)
  2 dart slugs (D:4)
  An orc (D:4)
  4 bats
  6 endoplasms
  5 giant cockroaches
  11 goblins
  4 hobgoblins
  4 jackals (D:2)
  3 quokkas (D:1)
  5 ball pythons
  2 frilled lizards
  5 kobolds
  5 rats
79 creatures vanquished.

Vanquished Creatures (others)
  A fungus (D:2)
  A plant (D:2)
2 creatures vanquished.

Grand Total: 81 creatures vanquished

Notes
Turn   | Place    | Note
-------+----------+-------------------------------------------
     0 | D:1      | Sweetruy1997 the Ogre Hunter began the quest for the Orb.
     0 | D:1      | Reached XP level 1. HP: 22/22 MP: 1/1
    45 | D:1      | Reached XP level 2. HP: 20/29 MP: 2/2
   672 | D:1      | Reached XP level 3. HP: 37/37 MP: 3/3
   811 | D:1      | Found Jarahoif's General Store.
   814 | D:1      | Bought a scroll of identify for 26 gold pieces
  1192 | D:2      | Found a faded altar of an unknown god.
  1431 | D:2      | Noticed Jessica
  1432 | D:2      | Killed Jessica
  1433 | D:2      | Reached skill level 1 in Short Blades
  1433 | D:2      | Reached XP level 4. HP: 45/45 MP: 4/4
  1916 | D:3      | Reached skill level 5 in Throwing
  2198 | D:3      | Reached XP level 5. HP: 53/53 MP: 5/5
  2659 | D:3      | Reached skill level 1 in Stealth
  2873 | D:4      | Noticed an ogre
  2876 | D:4      | Killed an ogre
  2877 | D:4      | Reached XP level 6. HP: 28/62 MP: 6/6
  3079 | D:4      | Reached skill level 6 in Throwing
  3290 | D:4      | Noticed a necrophage
  3294 | D:4      | Killed a necrophage
  3294 | D:4      | Engulfed by a cloud of flame

Illustrated notes

Levels and vault maps discovered:
D:1:      elethiomel_arrival_quiet, layout_rooms, serial_shops,
          nicolae_shop_window_shopping, minmay_hexomino_f4
D:2:      layout_loops_corners, shapermc_ecumenical_altar_mp_ritualfount,
          uniq_jessica
D:3:      layout_loops_corners
D:4:      minmay_diamond_boxcup, layout_basic, minmay_joined_circles

Skill      XL: |  1  2  3  4  5  6 |
---------------+-------------------+-----
Fighting       | 3 4 |  4.2
Dodging        | 2 3 |  3.0
Short Blades   | 1 |  1.0
Throwing       | 5 6 |  6.0
Stealth        | 1 |  1.0
Maces & Flails | |  0.2

Action                   |  1- 3 |  4- 6 || total
-------------------------+-------+-------++-------
Melee: Short sword       |    97 |       ||    97
       Club              |       |    14 ||    14
Throw: Large rock        |    35 |    43 ||    78
       Throwing net      |     3 |       ||     3
       Boomerang         |       |     3 ||     3
  Use: Potion            |     2 |       ||     2
       Scroll            |     1 |     4 ||     5
Armor: Robe              |    42 |     1 ||    43
Dodge: Dodged            |    75 |     6 ||    81

Table legend: (Time is in decaauts)
 A = Elapsed time spent in this place.
 B = Non-inter-level travel time spent in this place.
 C = Inter-level travel time spent in this place.
 D = Time resting spent in this place.
 E = Time spent auto-exploring this place.
 F = Levels seen in this place.
 G = Mean time per level.
                   A        B        C        D        E       F      G
               +--------+--------+--------+--------+--------+-----+--------+
         Total |   3362 |   3312 |     50 |    231 |   2586 |   4 |  840.5 |
       Dungeon |   3362 |   3312 |     50 |    231 |   2586 |   4 |  840.5 |
               +--------+--------+--------+--------+--------+-----+--------+

Top non-repeatable levels by time:
     D:3: 1069 daAuts
     D:1: 977 daAuts
     D:2: 875 daAuts
     D:4: 440 daAuts
